 Dungeon Crawl Stone Soup version 0.31-a0-216-g22e908daa7 (webtiles) character file.

Game seed: 14341864777307364327

1198 qw the Skirmisher (level 8, -10/49 HPs)
             Began as a Gargoyle Hexslinger on July 1, 2023.
             Mangled by a wight
             ... wielding a +0 flail
              (13 damage)
             ... on level 6 of the Dungeon.
             The game lasted 00:02:18 (4497 turns).

qw the Skirmisher (Gargoyle Hexslinger)             Turns: 4497, Time: 00:02:19

Health: -10/49     AC:  9    Str: 11    XL:     8   Next: 44%
Magic:  9/9        EV: 12    Int: 15    God:
Gold:   169        SH:  0    Dex: 14    Spells: 8/9 levels left

rFire   . . .        m - +0 orcbow
rCold   + . .        (shield currently unavailable)
rNeg    + . .        e - +2 robe {rC+}
rPois   inf          (no helmet)
rElec   +            (no cloak)
rCorr   .            (no gloves)
SInv    .            (no boots)
Will    .....        (no amulet)
Stlth   +            h - +4 ring of slaying {mikee}
HPRegen 0.28/turn    (no ring)
MPRegen 0.11/turn

%: no passive effects
@: about to teleport
A: sickness immunity, AC +5, negative energy resistance 1, electricity
resistance, torment resistance 1, petrification resistance
a: no special abilities


You were on level 6 of the Dungeon.
You visited 1 branch of the dungeon, and saw 6 of its levels.
You also visited: Ossuary.

You collected 351 gold pieces.
You spent 182 gold pieces at shops.


Innate Abilities, Weirdness & Mutations

You are immune to sickness and miasma.
Your stone body is resilient. (AC +5)
You are immune to poison.
You resist negative energy. (rN+)
You are resistant to electric shocks. (rElec)
You are resistant to unholy torment.
You are immune to petrification.


   Skills:
 - Level 5.2 Fighting
 + Level 8.4 Ranged Weapons
 - Level 1.5 Armour
 - Level 2.2 Dodging
 - Level 1.0 Spellcasting
 - Level 2.6 Hexes


You had 8 spell levels left.
You knew the following spells:

 Your Spells              Type           Power      Damage    Failure   Level
a - Slow                  Hex            32%        N/A       9%          1

Your spell library contained the following spells:

 Spells                   Type           Power      Damage    Failure   Level
 Inner Flame              Hex/Fire       4%         N/A       38%         3
 Portal Projectile        Hex/Tloc       8%         N/A       38%         3
 Cause Fear               Hex            4%         N/A       63%         4

Inventory:

Hand Weapons
 m - a +0 orcbow (weapon)
Armour
 b - a +0 cloak
 e - a +2 robe of cold resistance (worn)
 g - a scarf of repulsion
 i - the +3 leather armour "Keonnot" {Fly rElec rCorr Int-5}
   (You found it on level 6 of the Dungeon)

   Int:       It affects your intelligence (-5).
   rElec:     It insulates you from electricity.
   Fly:       It grants you flight.
   rCorr:     It protects you from acid and corrosion.
 k - a +0 pair of gloves
 l - a +0 helmet
Jewellery
 c - an amulet of faith
 h - a +4 ring of slaying (left hand) {mikee}
Scrolls
 a - a scroll of identify
 f - 7 scrolls of teleportation
Potions
 d - 2 potions of curing
 j - 3 potions of cancellation
 o - a potion of resistance
 p - a potion of might
 q - a potion of heal wounds
 s - a potion of haste
 t - a potion of mutation

Dungeon Overview and Level Annotations

Branches:
Dungeon (6/15)            Ossuary (visited)
 Temple: D:4-7

Altars:
Dithmenos
Makhleb
Nemelex Xobeh
Trog
Wu Jian
The Shining One

Shops:
D:4 ?=


Message History

You shoot an arrow. The arrow hits the wight.
You destroy the wight!
Things that are here:
a +4 spear; a +0 robe
Enter note: An ice beast and an ogre come into view.
Found 4 stones.
The ogre shouts!
A wight comes into view. It is wielding a +0 flail.
Enter note: You shoot an arrow.
The arrow hits the ogre!
The ogre is heavily wounded.
A wight comes into view. It is wielding a +2 spear of freezing.
The ogre closely misses you.
A wight comes into view. It is wielding a +4 long sword.
The ice beast barely misses you.
You shoot an arrow. The arrow barely misses the ogre.
The ice beast barely misses you. The ogre completely misses you.
You shoot an arrow. The arrow hits the ogre!
The ogre is severely wounded.
A wight comes into view. It is wielding a +0 great sword.
The wight barely misses you.
The ice beast hits you but does no damage.
You shoot an arrow. The arrow completely misses the ogre.
The wight hits you with a +0 flail. The ice beast closely misses you.
The ogre barely misses you.
The wight hits you from afar with a +2 spear of freezing.
The wight hits you with a +0 flail. The ice beast closely misses you.
You shoot an arrow. The arrow hits the ogre.
The ogre is severely wounded.
The ogre hits you with a +0 giant spiked club!!
Ouch! That really hurt!
The wight hits you from afar with a +2 spear of freezing.
The wight freezes you. The wight hits you with a +0 flail!
The ice beast closely misses you.
4497 ||| READING 8 scrolls of teleportation.
As you read the scroll of teleportation, it crumbles to dust.
You feel strangely unstable. The wight barely misses you.
The wight hits you with a +0 flail!
You die...

########..... #.
#..... #. #.....
#. ##'### #. #.#
#. ##########.# #.
#........%.#
##Y####%####.....#
#zz@.)..# +.....#
#zO###### #.....#
#z. .......# #..
.......... #(#
.########### #. ..
#.


You could see an ice beast, an ogre and 4 wights.

Vanquished Creatures
  A black bear (D:6)
  An ogre (D:4)
  2 centaurs
  A phantom (D:5)
  A wight (D:6)
  A human zombie (Ossuary)
  A hound (D:4)
  3 orc priests
  Jessica (D:2)
  Terence (D:3)
  5 iguanas
  Ijyb (D:3)
  2 orc wizards
  3 mummies (Ossuary)
  11 adders
  7 gnolls (D:5)
  2 ufetubi (D:5)
  A worm (D:4)
  A dart slug (D:2)
  19 orcs
  8 bats
  10 endoplasms
  2 giant cockroaches
  4 gnoll zombies (Ossuary)
  14 goblins
  7 hobgoblins
  3 jackals (D:1)
  4 quokkas
  6 ball pythons
  A frilled lizard (D:2)
  A hobgoblin zombie (Ossuary)
  5 kobolds
  A kobold zombie (Ossuary)
  An orc zombie (Ossuary)
  8 rats
140 creatures vanquished.

Notes
Turn   | Place    | Note
-------+----------+-------------------------------------------
     0 | D:1      | qw the Gargoyle Hexslinger began the quest for the Orb.
     0 | D:1      | Reached XP level 1. HP: 12/12 MP: 2/2
     0 | D:1      | 0 ||| qw: Version: 0.3-a-35-g05ef00e
     0 | D:1      | 0 ||| qw: Game counter: 7758
     0 | D:1      | 0 ||| qw: Melee chars always use a shield: true
     0 | D:1      | 0 ||| qw: God list: Okawaru
     0 | D:1      | 0 ||| qw: Allow faded altars: false
     0 | D:1      | 0 ||| qw: Do Orc after clearing Dungeon:15 true
     0 | D:1      | 0 ||| qw: Do second Lair branch before Depths: true
     0 | D:1      | 0 ||| qw: Lair rune preference: random
     0 | D:1      | 0 ||| qw: Goals: Normal
     0 | D:1      | 0 ||| PLANNING D:1-11
    59 | D:1      | Reached XP level 2. HP: 16/16 MP: 3/3
   204 | D:1      | Reached skill level 3 in Ranged Weapons
   296 | D:1      | Reached XP level 3. HP: 21/21 MP: 4/4
   517 | D:1      | 517 ||| UPGRADING to +0 ring mail.
   527 | D:1      | 527 ||| DROPPING +0 robe.
   528 | D:1      | 528 ||| READING 2 scrolls labelled KONIRUESIMM.
   529 | D:1      | 529 ||| READING 4 scrolls labelled UHOL BIDWIXUMO.
   534 | D:1      | 534 ||| READING scroll labelled NOSOHY TONU.
   535 | D:1      | 535 ||| READING scroll labelled EGOENU ITAEGE.
   536 | D:1      | 536 ||| READING scroll labelled VUBIBI HAROUS.
   537 | D:1      | 537 ||| DRINKING 3 yellow potions.
   538 | D:1      | 538 ||| DROPPING scroll of poison.
   642 | D:2      | Reached XP level 4. HP: 26/26 MP: 5/5
   665 | D:2      | Found a bloodstained altar of Trog.
   713 | D:2      | Noticed Jessica
   719 | D:2      | Reached skill level 4 in Ranged Weapons
   720 | D:2      | Killed Jessica
   721 | D:2      | Reached skill level 1 in Armour
   971 | D:2      | 971 ||| UPGRADING to +2 robe of cold resistance.
   981 | D:2      | 981 ||| DROPPING +0 ring mail.
   982 | D:2      | 982 ||| READING scroll labelled JUZIETWOUGU.
   983 | D:2      | 983 ||| READING scroll labelled MOLUTY KIVU.
   984 | D:2      | 984 ||| READING scroll labelled PUIMMA ESULICH.
  1076 | D:3      | Reached XP level 5. HP: 28/30 MP: 6/6
  1153 | D:3      | Noticed Terence
  1156 | D:3      | 1156 ||| FLEEEEING.
  1157 | D:3      | 1157 ||| FLEEEEING.
  1158 | D:3      | 1158 ||| FLEEEEING.
  1159 | D:3      | 1159 ||| FLEEEEING.
  1160 | D:3      | 1160 ||| FLEEEEING.
  1161 | D:3      | 1161 ||| FLEEEEING.
  1162 | D:3      | 1162 ||| FLEEEEING.
  1163 | D:3      | 1163 ||| FLEEEEING.
  1164 | D:3      | 1164 ||| FLEEEEING.
  1165 | D:3      | 1165 ||| FLEEEEING.
  1166 | D:3      | 1166 ||| FLEEEEING.
  1168 | D:3      | 1168 ||| FLEEEEING.
  1169 | D:3      | 1169 ||| FLEEEEING.
  1170 | D:3      | 1170 ||| FLEEEEING.
  1171 | D:3      | 1171 ||| FLEEEEING.
  1172 | D:3      | 1172 ||| FLEEEEING.
  1173 | D:3      | 1173 ||| FLEEEEING.
  1174 | D:3      | 1174 ||| FLEEEEING.
  1175 | D:3      | 1175 ||| FLEEEEING.
  1176 | D:3      | 1176 ||| FLEEEEING.
  1177 | D:3      | 1177 ||| FLEEEEING.
  1178 | D:3      | 1178 ||| FLEEEEING.
  1179 | D:3      | 1179 ||| STAIRDANCE
  1202 | D:2      | 1202 ||| READING 3 scrolls of identify.
  1202 | D:2      | 1202 ||| IDENTIFYING smoky blue potion
  1203 | D:2      | 1203 ||| READING 2 scrolls of identify.
  1203 | D:2      | 1203 ||| IDENTIFYING inky potion
  1218 | D:3      | HP: 7/30 [Terence/puff of flame (4)]
  1219 | D:3      | 1219 ||| READING 3 scrolls of teleportation.
  1219 | D:3      | HP: 1/30 [Terence/puff of flame (6)]
  1220 | D:3      | 1220 ||| DRINKING 2 potions of heal wounds.
  1231 | D:3      | Killed Terence
  1395 | D:3      | Reached skill level 5 in Ranged Weapons
  1440 | D:3      | Noticed Ijyb
  1457 | D:3      | HP: 5/30 [Ijyb/+0 club (4)]
  1458 | D:3      | 1458 ||| READING 3 scrolls of teleportation.
  1459 | D:3      | 1459 ||| DRINKING potion of heal wounds.
  1620 | D:3      | Killed Ijyb
  1621 | D:3      | Reached skill level 3 in Fighting
  1671 | D:3      | 1671 ||| UPGRADING to +4 ring of slaying {mikee}.
  1672 | D:3      | 1672 ||| READING scroll labelled IVONTI RODGHES.
  1718 | D:4      | Reached XP level 6. HP: 37/37 MP: 7/7
  2260 | D:4      | Reached skill level 6 in Ranged Weapons
  2286 | D:4      | 2286 ||| READING scroll of enchant weapon.
  2286 | D:4      | 2286 ||| ENCHANTING +2 sling.
  2305 | D:4      | Found Ewoitu Dawk's Jewellery Shop.
  2310 | D:4      | 2310 ||| SHOPLISTING +6 ring of strength (504 gold, have
                  | 198).
  2310 | D:4      | 2310 ||| SHOPLISTING amulet of regeneration (420 gold, have
                  | 198).
  2310 | D:4      | 2310 ||| SHOPLISTING amulet of the Peasants {Reflect rElec
                  | Will- Dex+5 SH+5} (704 gold, have 198).
  2310 | D:4      | 2310 ||| SHOPLISTING ring "Ponyl" {Contam rC+++ rCorr Dex+3
                  | Stlth+} (917 gold, have 198).
  2310 | D:4      | 2310 ||| SHOPLISTING ring of protection from cold (350
                  | gold, have 198).
  2310 | D:4      | 2310 ||| SHOPLISTING ring of protection from fire (350
                  | gold, have 198).
  2391 | D:4      | Found Komogah's Magic Scroll Shop.
  2397 | D:4      | 2397 ||| BUYING 3 scrolls of teleportation (126 gold).
  2397 | D:4      | Bought 3 scrolls of teleportation for 126 gold pieces
  2397 | D:4      | 2397 ||| BUYING scroll of identify (28 gold).
  2397 | D:4      | Bought a scroll of identify for 28 gold pieces
  2397 | D:4      | 2397 ||| BUYING scroll of identify (28 gold).
  2397 | D:4      | Bought a scroll of identify for 28 gold pieces
  2512 | D:4      | Found a faded altar of an unknown god.
  2512 | D:4      | Found a sparkling altar of Nemelex Xobeh.
  2520 | D:4      | Found a faded altar of an unknown god.
  2522 | D:4      | Found a shadowy altar of Dithmenos.
  2524 | D:4      | Found a glowing golden altar of the Shining One.
  2644 | D:4      | 2644 ||| READING scroll labelled ZAKKET GAIGOTT.
  2671 | D:4      | 2671 ||| READING 4 scrolls of identify.
  2671 | D:4      | 2671 ||| IDENTIFYING orange potion
  2672 | D:4      | 2672 ||| DROPPING potion of degeneration.
  2788 | D:5      | Entered Level 5 of the Dungeon
  2792 | D:5      | 2792 ||| STAIRDANCE
  2829 | D:5      | 2829 ||| STAIRDANCE
  2844 | D:5      | 2844 ||| STAIRDANCE
  2859 | D:5      | 2859 ||| STAIRDANCE
  2885 | D:5      | 2885 ||| STAIRDANCE
  2954 | D:5      | 2954 ||| STAIRDANCE
  3053 | D:5      | 3053 ||| STAIRDANCE
  3143 | D:5      | 3143 ||| STAIRDANCE
  3143 | D:5      | HP: 8/38 [centaur/arrow (12)]
  3261 | D:5      | 3261 ||| STAIRDANCE
  3289 | D:5      | 3289 ||| STAIRDANCE
  3294 | D:4      | Reached XP level 7. HP: 35/44 MP: 8/8
  3394 | D:5      | 3394 ||| STAIRDANCE
  3540 | D:5      | Reached skill level 7 in Ranged Weapons
  3725 | D:5      | 3725 ||| FLEEEEING.
  3726 | D:5      | 3726 ||| FLEEEEING.
  3727 | D:5      | 3727 ||| FLEEEEING.
  3728 | D:5      | 3728 ||| FLEEEEING.
  3729 | D:5      | 3729 ||| FLEEEEING.
  3732 | D:5      | 3732 ||| STAIRDANCE
  3765 | D:5      | 3765 ||| STAIRDANCE
  3790 | D:5      | 3790 ||| STAIRDANCE
  3842 | D:5      | 3842 ||| STAIRDANCE
  3843 | D:4      | Found a burning altar of Makhleb.
  3843 | D:4      | Found an ornate altar of the Wu Jian Council.
  3951 | D:6      | 3951 ||| PLANNING OSSUARY
  3957 | D:6      | Reached XP level 8. HP: 48/48 MP: 9/9
  3969 | D:6      | Found a sand-covered staircase.
  3975 | Ossuary  | Entered an ossuary
  4038 | Ossuary  | 4038 ||| FLEEEEING.
  4039 | Ossuary  | 4039 ||| FLEEEEING.
  4040 | Ossuary  | 4040 ||| FLEEEEING.
  4041 | Ossuary  | 4041 ||| FLEEEEING.
  4042 | Ossuary  | 4042 ||| FLEEEEING.
  4043 | Ossuary  | 4043 ||| FLEEEEING.
  4044 | Ossuary  | 4044 ||| FLEEEEING.
  4045 | Ossuary  | 4045 ||| FLEEEEING.
  4046 | Ossuary  | 4046 ||| FLEEEEING.
  4047 | Ossuary  | 4047 ||| FLEEEEING.
  4048 | Ossuary  | 4048 ||| FLEEEEING.
  4175 | Ossuary  | 4175 ||| READING scroll of enchant weapon.
  4175 | Ossuary  | 4175 ||| ENCHANTING +3 sling.
  4196 | Ossuary  | Reached skill level 8 in Ranged Weapons
  4232 | Ossuary  | 4232 ||| READING scroll labelled OHURRI XENOA.
  4233 | Ossuary  | 4233 ||| DRINKING 2 bubbling pink potions.
  4282 | Ossuary  | 4282 ||| READING 6 scrolls of identify.
  4282 | Ossuary  | 4282 ||| IDENTIFYING viscous green potion
  4283 | Ossuary  | 4283 ||| READING 5 scrolls of identify.
  4283 | Ossuary  | 4283 ||| IDENTIFYING dark potion
  4284 | Ossuary  | 4284 ||| READING 4 scrolls of identify.
  4284 | Ossuary  | 4284 ||| IDENTIFYING bubbling ruby potion
  4285 | Ossuary  | 4285 ||| READING 3 scrolls of identify.
  4285 | Ossuary  | 4285 ||| IDENTIFYING amethyst potion
  4286 | Ossuary  | 4286 ||| READING 2 scrolls of identify.
  4286 | Ossuary  | 4286 ||| IDENTIFYING fuming yellow potion
  4287 | Ossuary  | 4287 ||| DROPPING potion of invisibility.
  4288 | Ossuary  | 4288 ||| DROPPING potion of magic.
  4289 | Ossuary  | 4289 ||| DROPPING potion of lignification.
  4305 | D:6      | 4305 ||| PLANNING D:1-11
  4305 | D:6      | Identified the +3 leather armour "Keonnot" {Fly rElec rCorr
                  | Int-5}
  4343 | D:6      | 4343 ||| SWAPPING to +0 orcbow.
  4344 | D:6      | 4344 ||| DROPPING +4 sling.
  4496 | D:6      | HP: 12/49 [wight/+2 spear of freezing (4)]
  4496 | D:6      | HP: 3/49 [wight/+0 flail (8)]
  4497 | D:6      | 4497 ||| READING 8 scrolls of teleportation.
  4497 | D:6      | Mangled by a wight

Levels and vault maps discovered:
D:1:      lightli_arrival_farm, layout_basic
D:2:      layout_rooms, basic_altar, uniq_jessica
D:3:      corexii_shack_village, layout_rooms,
          hangedman_abyss_or_decor_lesser_grid, serial_bayou_ford_a, uniq_ijyb,
          uniq_terence
D:4:      layout_basic, chequers_temple_overflow_minitemple,
          nicolae_overflow_hidden_temple, serial_shops,
          nicolae_shop_statue_plus, shop
D:5:      layout_rooms
D:6:      layout_basic, amcnicky_altar_gilded, minmay_temple_entry_poolview,
          nicolae_ossuary_entry_plus, uniq_crazy_yiuf_cottage

Skill      XL: |  1  2  3  4  5  6  7  8 |
---------------+-------------------------+-----
Ranged Weapons | 3 4 5 6 7 8 |  8.4
Fighting       | 2 3 4 5 |  5.2
Armour         | 1 |  1.5
Dodging        | 2 |  2.2
Spellcasting   | |  1.0
Hexes          | |  2.6

Action                     |  1- 3 |  4- 6 |  7- 9 || total
---------------------------+-------+-------+-------++-------
   Fire: Sling             |    87 |   266 |   124 ||   477
         Orcbow            |       |       |    29 ||    29
    Use: Scroll            |     5 |    11 |     8 ||    24
         Potion            |     1 |     2 |     1 ||     4
 Armour: Robe              |     5 |    50 |    17 ||    72
         Ring mail         |    20 |     7 |       ||    27
  Dodge: Dodged            |    23 |    98 |    42 ||   163

Table legend:
 A = Non-vault XP
 B = Vault XP
 C = Vault XP percentage of total XP
 D = Non-vault monster count
 E = Vault monster count
 F = Vault count percentage of total count
                 A         B        C        D         E       F
            +---------+---------+-------+---------+---------+-------
      Total |    1482 |     230 |  13.4 |     119 |      21 |  15.0
            +---------+---------+-------+---------+---------+-------
        D:1 |      41 |       0 |   0.0 |      24 |       0 |   0.0
        D:2 |      74 |      37 |  33.3 |      23 |       1 |   4.2
        D:3 |      76 |      86 |  53.1 |      20 |       9 |  31.0
        D:4 |     430 |       0 |   0.0 |      25 |       0 |   0.0
        D:5 |     439 |       0 |   0.0 |      21 |       0 |   0.0
        D:6 |     422 |       0 |   0.0 |       6 |       0 |   0.0
    Ossuary |       0 |     107 | 100.0 |       0 |      11 | 100.0
            +---------+---------+-------+---------+---------+-------
